[Event "*** SCC Grand Prix: Titled Tuesday Blitz"]
[Site "Chess.com"]
[Date "2020.09.29"]
[Round "1"]
[White "francyIM"]
[Black "PowerThinking2650"]
[Result "1-0"]
[WhiteElo "2752"]
[BlackElo "2379"]
[TimeControl "180+1"]
[EndTime "10:07:19 PDT"]
[Termination "francyIM won on time"]

1. d4 Nf6 2. c4 g6 3. g3 Bg7 4.
Bg2 d6 5. Nc3 O-O 6. Nf3 Nbd7 7.
O-O e5 8. e4 a6 9. Qc2 exd4 10. Nxd4 Re8 11. Rd1 Nc5 12. f3 Bd7 13. Be3 a5 14. Ndb5 h5 15. Rd2 h4 16. Rad1 b6 17. Bg5 hxg3 18. hxg3 Bxb5 19. cxb5 Qc8 20. g4 Nxg4 21. fxg4 Qxg4 22. Be3 Be5 23. Bd4 Kg7 24.
Rf2 Ne6 25. Bxe5+ dxe5 26. Qe2 Qg5 27. Nd5 Rh8 28. Qe3 Qh4 29. Qf3 Raf8 30. Qf6+ Qxf6 31. Nxf6 Nd4 32. Nd5 Nxb5 33. a4 Nd4 34. Nxc7 Rc8 35. Nd5 Rc4 36. Rdf1 Rf8 37. Nc3 Ne6 38.
Rd1 Nf4 39. Bf1 Rb4 40. Rd7 Rc8 41. Nd5 Rc1 42. Nxb4 axb4 43. Kh2 Kh6 44. Rxf7 Kg5 45. Rb7 Kh4 46. Rxb6 Rd1 47. Rxb4 1-0

[Event "*** SCC Grand Prix: Titled Tuesday Blitz"]
[Site "Chess.com"]
[Date "2020.09.29"]
[Round "1"]
[White "Atakishiyev04"]
[Black "gmpeter008"]
[Result "1-0"]
[WhiteElo "2708"]
[BlackElo "2368"]
[TimeControl "180+1"]
[EndTime "10:07:19 PDT"]
[Termination "Atakishiyev04 won by checkmate"]

1. d4 Nf6 2. Nf3 e6 3. g3 b5 4. Bg2 Bb7 5. O-O c5 6. Re1 Qb6 7. c3 d5 8. Bg5 Nbd7 9. Nbd2 Be7 10. e3 O-O 11. Ne5 Rfe8 12. Ndf3 Rad8 13. Bxf6 Bxf6 14. Nd3 e5 15. dxe5 Nxe5 16. Nfxe5 Bxe5 17. Qg4 Bf6 18. Rad1 g6 19. Nf4 d4 20. Bxb7 Qxb7 21. cxd4 cxd4 22. exd4 Rxe1+ 23. Rxe1 Bxd4 24. Qe2 Qb6 25. h4 a5 26. b3 a4 27. Kg2 Bf6 28. Qf3 Qd6 29.
Re3 Kg7 30. Rd3 Qb8 31. Nd5 Be5 32. h5 Qb7 33. Qe4 Bf6 34. h6+ Kxh6 35. Qf3 Bg5 36. bxa4 bxa4 37. Qe4 Kg7 38. Qd4+ Kf8 39. Qh8# 1-0

[Event "*** SCC Grand Prix: Titled Tuesday Blitz"]
[Site "Chess.com"]
[Date "2020.09.29"]
[Round "1"]
[White "horripile"]
[Black "ChrisTool2"]
[Result "1-0"]
[WhiteElo "2646"]
[BlackElo "2323"]
[TimeControl "180+1"]
[EndTime "10:07:19 PDT"]
[Termination "horripile won on time"]

1. e4 c5 2. Nf3 e6 3. g3 Nc6 4. Bg2 d6 5. O-O g6 6. d4 cxd4 7. Nxd4 e5 8. Nb5 a6 9. N5a3 b5 10. c4 b4 11. Nc2 Be6 12. b3 Bg7 13. a3 bxa3 14. Bxa3 Nd4 15. Nd2 Ne7 16. Bb2 Nxc2 17. Qxc2 O-O 18. Ra3 Nc6 19. Rfa1 Qd7 20. Bc3 Nd4 21.
Qd3 Qb7 22. Bxd4 exd4 23. e5 d5 24. Qxd4 Rfd8 25. f4 Bf8 26. c5 a5 27. Rxa5 Rxa5 28. Rxa5 Qc7 29. b4 Rb8 30. h3 h5 31. Kh2 Bh6 32.
h4 Bf8 33. Nb3 Rb7 34. b5 Rb8 35. b6 Qc6 36. Qa4 Qc8 37. Qb5 d4 38. Nxd4 Bg4 39.
Nc6 Rb7 40. Ra7 Rxa7 41. bxa7 1-0

[Event "*** SCC Grand Prix: Titled Tuesday Blitz"]
[Site "Chess.com"]
[Date "2020.09.29"]
[Round "1"]
[White "Zorbos"]
[Black "SergioGarciaFuentes"]
[Result "0-1"]
[WhiteElo "2505"]
[BlackElo "2188"]
[TimeControl "180+1"]
[EndTime "10:07:19 PDT"]
[Termination "SergioGarciaFuentes won by checkmate"]

1. e4 e5 2. Nf3 Nf6 3. Nxe5 d6 4. Nf3 Nxe4 5. d3 Nf6 6. d4 Be7 7. Bd3 O-O 8. O-O Re8 9. h3 Nbd7 10. Nc3 Nf8 11. Ne2 c5 12. Ng3 b6 13. b3 Bd7 14. Bb2 Ne6 15. Qd2 Bc6 16. Nh4 Nxd4 17. Nhf5 Ne6 18. Nxe7+ Qxe7 19. Nf5 Qd8 20. Rae1 d5 21.
Be5 Nf8 22. Qg5 Ng6 23. Bb2 Ne4 24. Bc4 Qxg5 25. Nxg7 dxc4 26. f4 Qd8 27. f5 Nh4 28.
Nxe8 Qxe8 29. Rf4 Nxf5 30. Rxf5 Qe6 31. Rf4 f5 32. bxc4 Qxc4 33. g4 Qxc2 34. Ba1 Qd2 35. Ref1 Qe3+ 36. Kh2 Qg3+ 37. Kh1 Nf2# 0-1

[Event "*** SCC Grand Prix: Titled Tuesday Blitz"]
[Site "Chess.com"]
[Date "2020.09.29"]
[Round "1"]
[White "Xeniya2005"]
[Black "eljanov"]
[Result "0-1"]
[WhiteElo "2401"]
[BlackElo "2800"]
[TimeControl "180+1"]
[EndTime "10:07:20 PDT"]
[Termination "eljanov won on time"]

1. e4 e5 2. Nf3 Nc6 3. Nc3 Nf6 4. Bb5 Bb4 5. O-O O-O 6. d3 Bxc3 7. bxc3 d6 8. Bg5 h6 9. Bh4 a6 10. Ba4 Bd7 11. Re1 Ne7 12. Bxd7 Nxd7 13. Qd2 Qe8 14. d4 Ng6 15. Bg3 Qe6 16. Nh4 Nxh4 17. Bxh4 Rfe8 18. a4 a5 19. f3 Nb6 20. Qd3 Qd7 21. Reb1 Nxa4 22. Bf2 Rab8 23. d5 b6 24. Qc4 Nc5 25. Bxc5 dxc5 26. Qd3 Rf8 27. c4 f5 28. Re1 Rbe8 29.
exf5 Qxf5 30. Re4 Qg5 31. Rae1 Rf4 32. R4e3 Rd4 33. Qe2 h5 34. c3 Rf4 35. Rxe5 Rxe5 36.
Qxe5 Qxe5 37. Rxe5 Rxc4 38. Re7 Rxc3 39. Rxc7 Kf8 40.
Rc6 Rb3 41. Rc7 a4 42. d6 Ke8 43. Rxg7 a3 44. Ra7 b5 45. f4 b4 46. f5 Rd3 0-1

[Event "*** SCC Grand Prix: Titled Tuesday Blitz"]
[Site "Chess.com"]
[Date "2020.09.29"]
[Round "1"]
[White "ViktoriyaTarasova"]
[Black "Schandenfreude"]
[Result "0-1"]
[WhiteElo "2277"]
[BlackElo "2580"]
[TimeControl "180+1"]
[EndTime "10:07:21 PDT"]
[Termination "Schandenfreude won by resignation"]

1. d4 Nf6 2. c4 e6 3. Nc3 Bb4 4. Qc2 c5 5. dxc5 Bxc5 6. Nf3 Qb6 7. e3 a6 8. Be2 Qc7 9. O-O b6 10. a3 Bb7 11. b4 Be7 12. Bb2 d6 13. e4 Nbd7 14.
Rfd1 O-O 15. Rac1 Rfe8 16. Nd4 Rac8 17. f4 Qb8 18. Bf3 Rxc4 19. Qe2 Rec8 20. Na4 Rxc1 21. Rxc1 Rxc1+ 22. Bxc1 b5 23. Nc3 Qc7 24. Bb2 Nb6 25.
Qd3 Nc4 26. Bc1 Qb6 27. Kf1 Bf8 28. g4 e5 29. Nf5 exf4 30. Bxf4 Ne5 31. Bxe5 dxe5 32.
Nd5 Bxd5 33. exd5 g6 34. Ng3 Bd6 35. Ne4 Nxe4 36. Bxe4 Qc7 37. Qc2 Qd7 38. h3 Kg7 39. Qc6 Qe7 40. Qxa6 Qf6+ 41. Ke2 h5 42. Qxb5 hxg4 43. hxg4 Qf4 44. Bf3 e4 45. Bg2 Qxg4+ 46. Kf1 Qd1+ 47. Kf2 Qd2+ 48. Qe2 Bg3+ 49. Kf1 Qc1+ 0-1

[Event "*** SCC Grand Prix: Titled Tuesday Blitz"]
[Site "Chess.com"]
[Date "2020.09.29"]
[Round "1"]
[White "ALeks_Ivlev"]
[Black "HanSchut"]
[Result "1-0"]
[WhiteElo "2561"]
[BlackElo "2236"]
[TimeControl "180+1"]
[EndTime "10:07:21 PDT"]
[Termination "ALeks_Ivlev won on time"]

1. d4 Nf6 2. c4 g6 3. Nc3 d5 4.
cxd5 Nxd5 5. e4 Nxc3 6. bxc3 Bg7 7. Bc4 c5 8. Ne2 Nc6 9. Be3 O-O 10. O-O Qc7 11.
h3 a6 12. a4 Na5 13. Ba2 c4 14. f4 e6 15. Bb1 b5 16. axb5 axb5 17. f5 exf5 18.
exf5 Qe7 19. Bf4 Bb7 20. Ng3 Nb3 21. Rxa8 Bxa8 22. Re1 Qh4 23. Rf1 b4 24. cxb4 Nxd4 25. Kh2 c3 26. Qc1 Qd8 27. Bg5 Qc7 28. f6 Bh8 29.
Bf4 Qc6 30. Be4 Qxf6 31. Bh6 Qe6 32. Bxf8 Kxf8 33. Bxa8 c2 34. Be4 Qc4 35. Rf2 f5 36. Bxc2 Be5 37. Qd1 Qc7 38. Qd3 Kg7 39. Kg1 1-0

[Event "*** SCC Grand Prix: Titled Tuesday Blitz"]
[Site "Chess.com"]
[Date "2020.09.29"]
[Round "1"]
[White "Colombiano07"]
[Black "Ginger_GM"]
[Result "0-1"]
[WhiteElo "2348"]
[BlackElo "2683"]
[TimeControl "180+1"]
[EndTime "10:07:22 PDT"]
[Termination "Ginger_GM won by checkmate"]

1. c4 f5 2. g3 Nf6 3. Bg2 d6 4. Nc3 e5 5. Nf3 Be7 6. O-O O-O 7. Rb1 Qe8 8. b4 Qh5 9. b5 f4 10. Nd5 Nxd5 11. cxd5 Bh3 12. Bxh3 Qxh3 13. Qb3 Nd7 14. Ba3 Rf5 15. Rfc1 Rh5 16. d3 Rf8 17. Rb2 fxg3 18.
fxg3 Rxf3 19. exf3 Bd8 20. Qc2 Nf6 21. Qg2 Qxg2+ 22.
Kxg2 Nxd5 23. Re2 Rf5 24. Bb2 h5 25. a4 g5 26. a5 g4 27. fxg4 hxg4 28. Rf1 Rxf1 29.
Kxf1 Kf7 30. Re4 Ke6 31. Rxg4 Ne3+ 32. Ke2 Nxg4 33. h4 d5 34. Kf3 Kf5 35. Bc1 e4+ 36.
dxe4+ dxe4+ 37. Ke2 Be7 38. Bf4 Bd6 39. b6 axb6 40. axb6 Bxf4 41. gxf4 cxb6 42. h5 Kxf4 43. Kd2 Kf3 44. Ke1 e3 45. h6 Nxh6 46. Kf1 b5 47. Ke1 b4 48. Kf1 b3 49. Ke1 b2 50.
Kd1 b1=Q# 0-1

[Event "*** SCC Grand Prix: Titled Tuesday Blitz"]
[Site "Chess.com"]
[Date "2020.09.29"]
[Round "1"]
[White "Smirnov_Pavel"]
[Black "eCztery"]
[Result "1-0"]
[WhiteElo "2646"]
[BlackElo "2322"]
[TimeControl "180+1"]
[EndTime "10:07:22 PDT"]
[Termination "Smirnov_Pavel won by resignation"]

1. e4 c5 2. Nf3 g6 3. d4 cxd4 4.
Nxd4 Nc6 5. c4 Nf6 6. Nc3 Nxd4 7. Qxd4 d6 8. Be2 Bg7 9. Be3 O-O 10. Qd2 a5 11. f3 a4 12. Kf2 Qa5 13. Rac1 Be6 14.
Nd5 Bxd5 15. Qxa5 Rxa5 16. cxd5 Nd7 17. Rc7 Nc5 18. Rb1 e6 19. Bg5 exd5 20. exd5 Re8 21. Bf4 Bd4+ 22. Kf1 Be5 23. Bd2 Raa8 24. g3 Rac8 25.
Rxc8 Rxc8 26. b4 Nd7 27. Bb5 Nb6 28. Rc1 Rxc1+ 29. Bxc1 Nxd5 30. a3 Nb6 31. Be3 Nd5 32.
Bc1 Nb6 33. Ke2 Nd5 34. Kd3 Nc3 35. Bd7 Kf8 36. f4 Bf6 37. Bc8 b6 38. Be3 Nd5 39. Bd2 Ke7 40. Bb7 Nc7 41. Bc6 d5 42.
Bxa4 Kd6 43. Bb3 Nb5 44. a4 Nd4 45. Bd1 Nc6 46. a5 bxa5 47. bxa5 Kc5 48. Ba4 Nb4+ 49. Bxb4+ Kxb4 50. a6 1-0

[Event "*** SCC Grand Prix: Titled Tuesday Blitz"]
[Site "Chess.com"]
[Date "2020.09.29"]
[Round "1"]
[White "PotapovaM"]
[Black "Kaua18"]
[Result "1-0"]
[WhiteElo "2570"]
[BlackElo "2250"]
[TimeControl "180+1"]
[EndTime "10:07:23 PDT"]
[Termination "PotapovaM won on time"]

1. d4 Nf6 2. c4 e6 3. Nf3 b6 4. a3 Bb7 5. Nc3 d5 6. cxd5 Nxd5 7. e4 Nxc3 8. bxc3 Bxe4 9. Ne5 a6 10. Qh5 g6 11. Qg4 Bb7 12. Bg5 Be7 13. Bh6 Nd7 14.
Nc4 Nf6 15. Qd1 Nd5 16. Qc2 Bf6 17. Be2 Ne7 18. O-O Nf5 19. Bf4 O-O 20. Ne5 Bg7 21.
Rad1 Qe7 22. a4 c5 23. dxc5 bxc5 24. Rd7 Qh4 25. g3 Qh3 26. Rxb7 f6 27. Bg4 fxe5 28. Bxh3 exf4 29. Qe4 Rae8 30. Ra7 Bxc3 31. Rb1 fxg3 32. hxg3 Bd4 33. Rbb7 h5 34. Qc6 Nxg3 35. Bxe6+ 1-0

[Event "*** SCC Grand Prix: Titled Tuesday Blitz"]
[Site "Chess.com"]
[Date "2020.09.29"]
[Round "1"]
[White "djano"]
[Black "gagtemp"]
[Result "0-1"]
[WhiteElo "2450"]
[BlackElo "1968"]
[TimeControl "180+1"]
[EndTime "10:07:23 PDT"]
[Termination "gagtemp won on time"]

1. d4 d5 2. Nf3 e6 3. Bf4 c5 4. e3 Nc6 5. Nbd2 Nf6 6. c3 Bd6 7. Ne5 O-O 8. Bd3 Ne7 9. g4 b6 10. g5 Nd7 11. Nxf7 Rxf7 12. Bxd6 Nf5 13. Bf4 c4 14.
Bc2 Qe7 15. Qg4 Nf8 16. Nf3 e5 17. Nxe5 Nxe3 18. Bxe3 Bxg4 19. Nxg4 Ng6 20. O-O-O Nf4 21. Ne5 Rff8 22. h4 Rae8 23. a3 b5 24. Kb1 a5 25.
Rhe1 Qd6 26. g6 Nxg6 27. Bxg6 hxg6 28. Rg1 Rf6 29. Rg5 b4 30. axb4 axb4 31. cxb4 Qxb4 32. Bd2 Qb3 33. Rdg1 Ra8 34. Rxg6 Qa2+ 35. Kc2 Qa4+ 36. Kb1 Rxg6 37. Rxg6 Qa1+ 38. Kc2 Qa4+ 39. Kb1 Qd1+ 40. Bc1 Qxd4 41. f4 Qe4+ 0-1

[Event "*** SCC Grand Prix: Titled Tuesday Blitz"]
[Site "Chess.com"]
[Date "2020.09.29"]
[Round "1"]
[White "CaspiIsrael"]
[Black "semchik73"]
[Result "1-0"]
[WhiteElo "2599"]
[BlackElo "2293"]
[TimeControl "180+1"]
[EndTime "10:07:24 PDT"]
[Termination "CaspiIsrael won by checkmate"]

1. e4 Nf6 2. e5 Nd5 3. d4 d6 4. c4 Nb6 5. f4 dxe5 6. fxe5 Nc6 7. Be3 Bf5 8. Nc3 e6 9. Nf3 Bg4 10. Be2 Bxf3 11. gxf3 Qh4+ 12. Bf2 Qf4 13. Qd2 Qxd2+ 14. Kxd2 O-O-O 15. d5 exd5 16. Bxb6 dxc4+ 17. Kc1 axb6 18. f4 Bc5 19. Rf1 Be3+ 20. Kb1 Rd2 21. Rf3 Bd4 22. Bxc4 Rxh2 23. a3 Rf8 24. Ne2 Bc5 25.
b4 Nd4 26. Nxd4 Bxd4 27. Ra2 Rh1+ 28. Kc2 h5 29. Kd3 Rd8 30. Ke4 g6 31. Re2 f5+ 32.
exf6 Bxf6 33. Be6+ Kb8 34. f5 g5 35. Ke3 Bd4+ 36.
Kd2 Bf6+ 37. Kc2 g4 38. Rd3 Rxd3 39. Kxd3 Rh3+ 40. Re3 g3 41. Bd5 h4 42. Re8+ Ka7 43. Rg8 Rh2 44. a4 Be5 45. Ke4 Bd6 46. f6 h3 47. f7 g2 48. Kf5 Rh1 49. Bxg2 hxg2 50. Rxg2 Rf1+ 51. Ke6 Bxb4 52. Rc2 c6 53. Rc4 Bf8 54.
Rd4 Ka6 55. Rd8 Bc5 56. Ra8# 1-0

[Event "*** SCC Grand Prix: Titled Tuesday Blitz"]
[Site "Chess.com"]
[Date "2020.09.29"]
[Round "1"]
[White "geordie_derraugh"]
[Black "youngKID"]
[Result "0-1"]
[WhiteElo "2396"]
[BlackElo "2775"]
[TimeControl "180+1"]
[EndTime "10:07:25 PDT"]
[Termination "youngKID won on time"]

1. e4 c5 2. Nf3 e6 3. d3 Nc6 4. g3 Nf6 5. Bg2 d6 6. O-O Be7 7. Re1 O-O 8. Nbd2 Re8 9. Nf1 Bf8 10.
h4 Rb8 11. Bg5 h6 12. Be3 b5 13. N1h2 e5 14. Nd2 d5 15. exd5 Nxd5 16. Ne4 Nxe3 17. Rxe3 Nd4 18. c3 Nf5 19. Re2 b4 20. Qc2 Qa5 21.
h5 Be6 22. g4 Nh4 23. c4 f5 24.
Nd2 fxg4 25. Rxe5 Nxg2 26. Kxg2 Qc7 27. Re4 Bf5 28. Rxe8 Rxe8 29. Nhf1 Qf4 30. Ng3 Bd6 31. Rd1 Bd7 32. Ndf1 Bc6+ 33. Kg1 Qf3 34. Ne3 Bxg3 0-1

[Event "*** SCC Grand Prix: Titled Tuesday Blitz"]
[Site "Chess.com"]
[Date "2020.09.29"]
[Round "1"]
[White "Akmal_Fayzullaev"]
[Black "KingCrusher275"]
[Result "0-1"]
[WhiteElo "2229"]
[BlackElo "2548"]
[TimeControl "180+1"]
[EndTime "10:07:28 PDT"]
[Termination "KingCrusher275 won by resignation"]

1. e4 c5 2. Nc3 e6 3. Nge2 Nc6 4.
g3 d6 5. Bg2 Nf6 6. d4 cxd4 7.
Nxd4 a6 8. Nxc6 bxc6 9. e5 Nd5 10. exd6 Bxd6 11. Ne4 Be5 12. O-O O-O 13. Qe2 a5 14. c4 Nb6 15. Rd1 Qe7 16. Bg5 Qb4 17. Nd2 Bxb2 18. Rab1 Ba6 19. Bxc6 Rac8 20. Bb5 Bxb5 21. cxb5 Na4 22. Ne4 Qc4 23. Qf3 Qxa2 24. Rxb2 Qxb2 25. Nf6+ Kh8 26. Kg2 Nc5 27. Rd2 Qxb5 28. Qh5 Qb1 29.
Qh4 Qf5 30. Rd4 a4 31. Rf4 Qg6 32. Rg4 a3 33. Nh5 f5 34. Bf6 fxg4 35. Bxg7+ Kg8 36. Bd4 Qe4+ 37. Kg1 Qxd4 0-1

[Event "*** SCC Grand Prix: Titled Tuesday Blitz"]
[Site "Chess.com"]
[Date "2020.09.29"]
[Round "1"]
[White "Salem-AR"]
[Black "Brave_spirit12"]
[Result "1-0"]
[WhiteElo "2920"]
[BlackElo "2434"]
[TimeControl "180+1"]
[EndTime "10:07:29 PDT"]
[Termination "Salem-AR won by resignation"]

1. d4 Nf6 2. c4 e6 3. Nf3 d5 4. Nc3 Be7 5. Bg5 c6 6. e3 O-O 7. Bd3 h6 8. Bxf6 Bxf6 9. h4 Re8 10. Qc2 a6 11. g4 e5 12. g5 exd4 13. gxf6 Qxf6 14. Nxd4 Qxd4 15. O-O-O Qf6 16. cxd5 Bg4 17. Rdg1 Bf3 18. Rh3 cxd5 19. Rhg3 Nc6 20. Rxg7+ Qxg7 21. Rxg7+ Kxg7 22. Be2 Be4 23. Qd1 Rad8 24. Qg1+ Kh7 25. Qg4 f5 26. Qf4 d4 27. Nxe4 fxe4 28. Qf7+ Kh8 29. Qf6+ Kh7 30. Bg4 Re5 31. Bf5+ Kg8 32. Be6+ Kh7 33. exd4 e3 34. dxe5 e2 35. Bf5+ Kg8 36.
Qg6+ Kf8 37. Qf6+ Kg8 38. Qg6+ Kf8 39. Qxh6+ Kf7 40. Qh5+ Ke7 41. Qxe2 Nd4 42. Qg4 Rf8 43. Qxd4 Rxf5 44. Qd6+ 1-0

[Event "*** SCC Grand Prix: Titled Tuesday Blitz"]
[Site "Chess.com"]
[Date "2020.09.29"]
[Round "1"]
[White "AlexSuv"]
[Black "szefru"]
[Result "1-0"]
[WhiteElo "2509"]
[BlackElo "2141"]
[TimeControl "180+1"]
[EndTime "10:07:29 PDT"]
[Termination "AlexSuv won by checkmate"]

1. d4 Nf6 2. c4 g6 3. Nc3 Bg7 4.
e4 d6 5. Nf3 O-O 6. Be2 e5 7.
Be3 Nc6 8. d5 Ne7 9. Nd2 Ne8 10. c5 f5 11. f3 f4 12. Bf2 g5 13. Nc4 h5 14. h4 Ng6 15. hxg5 Qxg5 16.
Bf1 b6 17. cxd6 cxd6 18. Qa4 h4 19. Qc6 Rb8 20. Nxd6 Nxd6 21. Qxd6 Bb7 22. O-O-O Rfd8 23. Qe6+ Kh7 24. Bb5 Bc8 25. Qc6 Bd7 26. Qc4 Rbc8 27. Bc6 Qf6 28. Qa4 Bxc6 29. dxc6 Rxd1+ 30. Rxd1 Rxc6 31. Qxa7 b5 32. a3 b4 33. axb4 Kh6 34. b5 Rc8 35. Qd7 Rb8 36. Rd6 Qf8 37. b6 Bf6 38. Rc6 Rd8 39. Qe6 Kg7 40. Bc5 Qg8 41.
Qxf6+ Kh6 42. Qxh4+ Kg7 43. Qf6+ Kh6 44. b7 Rb8 45. Rb6 Qc4 46. Qxg6# 1-0

[Event "*** SCC Grand Prix: Titled Tuesday Blitz"]
[Site "Chess.com"]
[Date "2020.09.29"]
[Round "1"]
[White "Rap_woyska"]
[Black "ENajer77"]
[Result "0-1"]
[WhiteElo "2358"]
[BlackElo "2700"]
[TimeControl "180+1"]
[EndTime "10:07:31 PDT"]
[Termination "ENajer77 won on time"]

1. c4 e5 2. Nc3 Nf6 3. Nf3 Nc6 4.
e3 d5 5. cxd5 Nxd5 6. Bb5 Nxc3 7. bxc3 Bd6 8. e4 O-O 9. O-O Bd7 10. Re1 a6 11. Bf1 Qe7 12. h3 Rad8 13. Rb1 Na5 14. d4 Rfe8 15. Bg5 f6 16. Bd2 b5 17. Qc2 h6 18. c4 Nxc4 19. Bxc4+ bxc4 20. Qxc4+ Be6 21. d5 Bc8 22. Ba5 f5 23. exf5 Bxf5 24. Rbc1 Qf6 25. Nd2 Qg6 26. Kh1 Bd3 27. Qg4 Qf7 28. Rcd1 Qxf2 29.
Ne4 Bxe4 30. Qxe4 Qxa2 31. Bd2 Re7 32. Be3 Rf7 33. Qg6 Rf6 34. Qg4 Rdf8 35. Bg1 Qc2 0-1

[Event "*** SCC Grand Prix: Titled Tuesday Blitz"]
[Site "Chess.com"]
[Date "2020.09.29"]
[Round "1"]
[White "Artem_Sadovsky"]
[Black "parintele_chess"]
[Result "1/2-1/2"]
[WhiteElo "2500"]
[BlackElo "2146"]
[TimeControl "180+1"]
[EndTime "10:07:32 PDT"]
[Termination "Game drawn by repetition"]

1. Nf3 d5 2. c4 c6 3. b3 Nf6 4.
Bb2 g6 5. e3 Bg7 6. Be2 O-O 7.
O-O Nbd7 8. d4 Ne4 9. Nbd2 Ndf6 10. Ne5 Nxd2 11. Qxd2 Ne4 12. Qe1 Nd6 13. Rc1 f6 14. Nd3 e6 15. Ba3 Re8 16. Bf3 e5 17. dxe5 fxe5 18. e4 dxe4 19. Bxe4 Nxe4 20. Qxe4 Bf5 21. Qe3 Qxd3 22. Qg5 h6 23. Qh4 Qe4 24. Qg3 Rad8 25. Rfe1 Qf4 26. Qc3 e4 27. Qa5 Bd4 28. Re2 e3 29. Rf1 exf2+ 30. Kh1 Bb6 31. Rxe8+ Rxe8 32. Qc3 Qd4 33. Qg3 Re1 34. Rxe1 fxe1=Q+ 35. Qxe1 Qe3 36. Qd1 Bd3 37. c5 Ba5 38. b4 Bc7 39. Qb3+ Kg7 40. Bb2+ Be5 41. Bxe5+ Qxe5 42. h3 Qe1+ 43. Kh2 Qe5+ 44.
Kh1 Qe1+ 45. Kh2 Qe5+ 46. Kh1 1/2-1/2

[Event "*** SCC Grand Prix: Titled Tuesday Blitz"]
[Site "Chess.com"]
[Date "2020.09.29"]
[Round "1"]
[White "checkmatequen"]
[Black "PLAYER_2006_M"]
[Result "1-0"]
[WhiteElo "2299"]
[BlackElo "2560"]
[TimeControl "180+1"]
[EndTime "10:07:33 PDT"]
[Termination "checkmatequen won by checkmate"]

1. e4 e5 2. Nf3 Nc6 3. Bb5 Nf6 4. d3 Bc5 5. O-O d6 6. c3 O-O 7. Nbd2 Bb6 8. a4 a6 9. Bc4 Ne7 10. Re1 Ng4 11. Re2 Kh8 12. h3 Nh6 13. Nf1 f5 14. Bg5 fxe4 15. dxe4 Qe8 16. N1h2 Ng6 17. Qd2 Nf4 18.
Bxf4 Rxf4 19. a5 Ba7 20. Rd1 Qg6 21. Kh1 Rxe4 22. Nxe5 Qf5 23. Rxe4 Qxe4 24. Re1 Qxe1+ 25. Qxe1 dxe5 26. Qxe5 Bf5 27. Qxc7 Bxf2 28. Qxb7 Re8 29. Nf3 Be4 30. Qxa6 Nf5 31. Qb5 Ng3+ 32. Kh2 Rf8 33. Be2 h5 34. a6 Rf5 35. Qb8+ Kh7 36. a7 Nxe2 37. a8=Q Bxa8 38. Qxa8 Bg3+ 39. Kh1 Nf4 40. Qe4 g6 41. Qe7+ Kh6 42. Qe8 Rd5 43. Qh8# 1-0

[Event "*** SCC Grand Prix: Titled Tuesday Blitz"]
[Site "Chess.com"]
[Date "2020.09.29"]
[Round "1"]
[White "IsaacWiebe"]
[Black "nocnypako"]
[Result "0-1"]
[WhiteElo "2244"]
[BlackElo "2569"]
[TimeControl "180+1"]
[EndTime "10:07:33 PDT"]
[Termination "nocnypako won on time"]

1. e4 c5 2. Nc3 d6 3. Nf3 Nf6 4. g3 Nc6 5. Bg2 Bg4 6. h3 Bxf3 7. Bxf3 g6 8. O-O Bg7 9. Nd5 O-O 10. Nxf6+ Bxf6 11. c3 Rb8 12. d3 b5 13. Be3 Qb6 14.
Qd2 b4 15. Rac1 Qa5 16. d4 bxc3 17. bxc3 cxd4 18. cxd4 Qxd2 19. Bxd2 Nxd4 20. Kg2 Rb2 21. Bh6 Rd8 22. a4 Nxf3 23. Kxf3 Rb3+ 24. Kg2 Rb4 25. Rc7 Rxa4 26. Rfc1 Rb4 27. Rxa7 Rxe4 28. Rac7 Rb4 29. R1c2 Rbb8 30. h4 Re8 31. Rd7 Rbd8 32. Rb7 Bg7 33. Bg5 f6 34. Bf4 h6 35. Rcc7 Kf7 36. Be3 g5 37. hxg5 hxg5 38. f4 gxf4 39. gxf4 f5 40. Bb6 Bf6 41. Kf3 Rb8 42. Be3 Rxb7 43.
Rxb7 Ra8 44. Rc7 Ra3 45. Ke2 Kg6 46. Rb7 Ra6 47. Rb4 e5 48. fxe5 dxe5 49. Bd2 Bg5 50. Bc3 e4 51. Rb2 f4 52. Rb5 Ra2+ 53. Bb2 Bf6 0-1

[Event "*** SCC Grand Prix: Titled Tuesday Blitz"]
[Site "Chess.com"]
[Date "2020.09.29"]
[Round "1"]
[White "VladaSviridova"]
[Black "Korchmar_Vasiliy"]
[Result "0-1"]
[WhiteElo "2276"]
[BlackElo "2577"]
[TimeControl "180+1"]
[EndTime "10:07:34 PDT"]
[Termination "Korchmar_Vasiliy won by resignation"]

1. d4 Nf6 2. c4 g6 3. Nc3 d5 4.
cxd5 Nxd5 5. e4 Nxc3 6. bxc3 Bg7 7. Bc4 O-O 8. Ne2 c5 9. O-O Nc6 10. Be3 Na5 11. Bd3 b6 12. Rc1 Bb7 13. Qd2 Rc8 14. Rfd1 e6 15. Bh6 Bxh6 16. Qxh6 Qf6 17. e5 Qg7 18. Qxg7+ Kxg7 19. Ng3 Rfd8 20. Ne2 cxd4 21. cxd4 Nc6 22. Bb5 Nxd4 23. Rxc8 Nxe2+ 24. Bxe2 Rxc8 25. Kf1 Bd5 26. a4 Rc2 27. Ra1 Bxg2+ 28. Ke1 Rc5 29.
f4 Bc6 30. Kf2 Ra5 31. Bd1 Kf8 32. h4 h5 33. Ke3 Ke7 34. Bb3 Kd7 35. Bc2 Kc7 36. Bb3 Kb7 37. Bc2 b5 38. Be4 Bxe4 39.
Kxe4 Rxa4+ 40. Rxa4 bxa4 41. Kd4 a3 42. Kc3 Kc6 43. Kb3 Kd5 44. Kxa3 Ke4 45. Kb4 Kxf4 46. Kc5 Kxe5 0-1

[Event "*** SCC Grand Prix: Titled Tuesday Blitz"]
[Site "Chess.com"]
[Date "2020.09.29"]
[Round "1"]
[White "szachuspl"]
[Black "ChessWarrior3"]
[Result "1-0"]
[WhiteElo "2511"]
[BlackElo "2142"]
[TimeControl "180+1"]
[EndTime "10:07:34 PDT"]
[Termination "szachuspl won by checkmate"]

1. d4 Nf6 2. c4 g6 3. Nc3 d5 4. Nf3 Bg7 5. h4 c6 6. Bg5 dxc4 7. e4 b5 8. e5 Nd5 9. h5 h6 10. hxg6 hxg5 11. Rxh8+ Bxh8 12. gxf7+ Kxf7 13. Nxg5+ Kg6 14. Qf3 Kxg5 15. Be2 Kg6 16. O-O-O Nxc3 17. bxc3 Qd5 18. Qg3+ Kf7 19. Bh5+ Kf8 20. Qf4+ Bf6 21. Bf3 Qf7 22.
exf6 Qxf6 23. Qc7 Na6 24. Qd8+ Kf7 25. Rh1 Qf4+ 26. Kd1 Qf5 27. Rh8 Qd3+ 28. Ke1 Qxc3+ 29. Kf1 Qd3+ 30. Ke1 Bf5 31. Rf8+ Ke6 32. d5+ cxd5 33. Qxa8 Qc3+ 34. Ke2 Qd3+ 35. Ke1 Qc3+ 36. Ke2 Bd3+ 37. Ke3 Be4+ 38. Kf4 Qd2+ 39. Kg4 Bxf3+ 40. gxf3 Qd4+ 41.
f4 Qg7+ 42. Kf3 Nc7 43. Qc6# 1-0

[Event "*** SCC Grand Prix: Titled Tuesday Blitz"]
[Site "Chess.com"]
[Date "2020.09.29"]
[Round "1"]
[White "kobemagic"]
[Black "Bulldog167"]
[Result "0-1"]
[WhiteElo "2404"]
[BlackElo "2803"]
[TimeControl "180+1"]
[EndTime "10:07:35 PDT"]
[Termination "Bulldog167 won on time"]

1. c4 e6 2. g3 Nf6 3. Bg2 d5 4. Nf3 Be7 5. O-O O-O 6. b3 d4 7. e3 c5 8. exd4 cxd4 9. d3 Nc6 10. Re1 Nd7 11. Na3 Nc5 12. Nc2 a5 13. Bb2 Bf6 14. Ba3 Qb6 15. Bxc5 Qxc5 16. Nd2 Qb6 17. Ne4 Be7 18. a3 e5 19. Rb1 f5 20. Nd2 Bf6 21. b4 axb4 22. axb4 Kh8 23. b5 Nd8 24. Nb4 Ne6 25.
Nd5 Qd8 26. Nxf6 Qxf6 27. Qe2 Ra2 28. Rbd1 Nc5 29. Qxe5 Qxe5 30. Rxe5 Nxd3 31. Re7 f4 32. Bxb7 fxg3 33. fxg3 Bxb7 34. Rxb7 Nf2 35. Rf1 Rxd2 36. Rxf2 Rdxf2 37. Rd7 Rd2 38. b6 Ra8 39. Rf7 Ra1+ 40. Rf1 Rxf1+ 41. Kxf1 Rb2 42. c5 Rb5 0-1

[Event "*** SCC Grand Prix: Titled Tuesday Blitz"]
[Site "Chess.com"]
[Date "2020.09.29"]
[Round "1"]
[White "NikolaGry"]
[Black "floplover"]
[Result "1-0"]
[WhiteElo "2634"]
[BlackElo "2309"]
[TimeControl "180+1"]
[EndTime "10:07:35 PDT"]
[Termination "NikolaGry won by resignation"]

1. e4 c6 2. Nf3 d5 3. Nc3 Nf6 4. e5 Ne4 5. Ne2 Qb6 6. d4 e6 7. Ng3 c5 8. Bd3 Nxg3 9. hxg3 cxd4 10. Ng5 Nc6 11. f4 Be7 12. Rxh7 Rxh7 13. Nxh7 Bd7 14. a3 O-O-O 15. Qg4 g6 16. Kf2 Rh8 17. Ng5 Be8 18.
b4 a6 19. Bd2 Nd8 20. Re1 Bb5 21. Nf3 Bxd3 22. cxd3 Nc6 23. Rc1 Kd7 24. Ng5 Nd8 25. Nf3 Nc6 26. Ng5 Nd8 27. Nf3 Qb5 28. Ke2 Nc6 29.
Ng5 Rh2 30. Rg1 Ke8 31. Nxe6 fxe6 32. Qxe6 a5 33. Qxg6+ Kd7 34. f5 axb4 35. f6 bxa3 36. Qf5+ Ke8 37. Qc8+ Kf7 38. e6+ Kxf6 39. Rf1+ Ke5 40.
Bf4+ Kf5 41. Bd6+ Kg4 42. Rf4+ Kxg3 43. Rf2+ Kg4 44. Rf4+ Kg3 45. Qg8+ 1-0